 Dungeon Crawl Stone Soup version 0.29.1-12-g30fa7ad0bf (webtiles) character file.

Game seed: 9163959040203306926

140 hawla the Firebug (level 5, -2/38 HPs)
             Began as a Meteoran Fire Elementalist on Jan 10, 2023.
             Succumbed to a kobold brigand's poison
             ... in a sewer.
             The game lasted 00:02:49 (372 turns).

hawla the Firebug (Meteoran Fire Elementalist)       Turns: 372, Time: 00:02:50

Health: -2/38      AC:  2    Str:  9    XL:     5   Next: 77%
Magic:  6/11       EV: 13    Int: 18    God:
Gold:   62         SH:  0    Dex: 15    Spells: 4/11 levels left

rFire   . . .      SeeInvis .   g - staff of death
rCold   . . .      Faith    .   (no shield)
rNeg    + . .      Spirit   .   a - +0 robe
rPois   .          Reflect  .   (no helmet)
rElec   .          Harm     .   (no cloak)
rCorr   .          Rampage  .   (no gloves)
Will    .....                   (no boots)
Stlth   +.........              (no amulet)
HPRegen 0.12/turn               (no ring)
MPRegen 0.12/turn               (no ring)

@: brilliant, lethally poisoned (-2 -> -15), glowing
A: sense surroundings 1, otherworldly, glowing, explore regen
a: no special abilities


You were in a sewer.
You visited 1 branch of the dungeon, and saw 4 of its levels.
You also visited: Sewer.

You collected 62 gold pieces.

Inventory:

Armour
 a - a +0 robe (worn)
Magical Staves
 g - a staff of death (weapon)
Scrolls
 f - 2 scrolls of amnesia
Potions
 b - a potion of magic
 e - a potion of might
 h - a potion of brilliance


   Skills:
 - Level 0.1 Fighting
 - Level 2.9 Dodging
 - Level 1.4 Stealth
 - Level 3.7 Spellcasting
 + Level 3.2 Conjurations
 - Level 5.2 Fire Magic


You had 4 spell levels left.
You knew the following spells:

 Your Spells              Type           Power      Damage    Failure   Level
a - Foxfire               Conj/Fire      100%       2x1d9     2%          1
b - Scorch                Fire           66%        2d8       2%          2
c - Flame Wave            Conj/Fire      28%        2d9       26%         4

Your spell library contained the following spells:

 Spells                   Type           Power      Damage    Failure   Level
 Conjure Flame            Conj/Fire      28%        6-21      8%          3
 Inner Flame              Hex/Fire       19%        N/A       16%         3


Dungeon Overview and Level Annotations

Branches:
Dungeon (4/15) Zot: 2069    Sewer (1/1) Zot: 555
 Temple: D:4-7

Altars:


Innate Abilities, Weirdness & Mutations

You passively map a small area around you.
You are easily found by Zot.
You glow in the dark.
You regain HP and MP as you explore.


Message History

The curare-tipped dart closely misses you.
Found a puce potion.
There is an open door here.
The kobold brigand hits you with a +2 dagger of venom.
You are poisoned.
You completely miss the kobold brigand.
You feel very sick. The kobold brigand barely misses you.
Casting: Foxfire (safe; 2% risk of failure)
Confirm with . or Enter, or press ? or * to list all spells.
The spell is extremely dangerous to miscast (26% risk of failure)!
Continue anyway?
Casting: Flame Wave (extremely dangerous; 26% risk of failure)
Press: ? - help, Dir - look around, f - activate A wave of flame ripples out!
The flame wave engulfs the kobold!
You kill the kobold!
The flame wave engulfs the kobold brigand.
The kobold brigand is lightly wounded.
The flame wave engulfs the kobold brigand!
The kobold brigand is moderately wounded. (Press . to intensify the flame waves.)
You feel sick.
You hear an angry hiss. x3
The kobold brigand hits you with a +2 dagger of venom.
You are more poisoned.
The kobold brigand hits you with a +0 whip!
* * * LOW HITPOINT WARNING * * *
A wave of flame ripples out!
The flame wave engulfs the kobold brigand!
The kobold brigand is heavily wounded.
The flame wave engulfs the kobold brigand!
The kobold brigand is heavily wounded.
* * * LOW HITPOINT WARNING * * *
You feel very sick.
You hear an angry hiss. x2
The kobold brigand barely misses you.
The kobold brigand hits you with a +0 whip.
* * * LOW HITPOINT WARNING * * *
It was a potion of brilliance.
You feel clever all of a sudden.
You die...

* * * ~ ≈≈≈≈
≈≈≈≈ ~ ~ ≈≈≈
≈≈≈ ~ ~ *
### ###
#..#.!# ~ ,
..... ,
##...## ≈≈ ,
#.)K..# ≈≈≈
,
#..@K.#≈≈≈≈
*
###'###≈≈≈≈
##...~≈≈≈≈≈
#...~~≈≈≈≈≈~
,
#...~≈≈≈≈≈≈
~
##....~≈≈≈≈≈
, *
#.....~≈≈≈≈≈
,
#.....~≈≈≈≈≈
#....~~~≈≈≈≈
*


You could see 2 kobold brigands.

Vanquished Creatures
  A phantom (D:4)
  3 adders
  A river rat (Sewer)
  A worm (D:4)
  4 orcs (D:4)
  2 bats (D:2)
  A giant cockroach (D:4)
  3 goblins
  A hobgoblin (D:2)
  A kobold (Sewer)
  A quokka (D:2)
  3 ball pythons (D:4)
  6 rats
28 creatures vanquished.

Vanquished Creatures (others)
  41 foxfires
41 creatures vanquished.

Grand Total: 69 creatures vanquished

Notes
Turn   | Place    | Note
-------+----------+-------------------------------------------
     0 | D:1      | hawla the Meteoran Fire Elementalist began the quest for
                  | the Orb.
     0 | D:1      | Reached XP level 1. HP: 14/14 MP: 5/5
    80 | D:2      | Reached XP level 2. HP: 20/20 MP: 2/6
    83 | D:2      | Learned a level 2 spell: Scorch
    92 | D:2      | Reached skill level 4 in Fire Magic
   151 | D:2      | Reached XP level 3. HP: 25/26 MP: 6/8
   265 | D:4      | Noticed a phantom
   271 | D:4      | Killed a phantom
   272 | D:4      | Reached skill level 5 in Fire Magic
   272 | D:4      | Reached XP level 4. HP: 33/33 MP: 1/10
   272 | D:4      | Reached XP level 5. HP: 38/38 MP: 1/11
   277 | D:4      | Learned a level 4 spell: Flame Wave
   311 | D:4      | Found a glowing drain.
   327 | Sewer    | Entered a sewer
   366 | Sewer    | Noticed a kobold brigand
   366 | Sewer    | Noticed a kobold brigand
   371 | Sewer    | HP: 1/38 [kobold brigand/+0 whip (6)]
   372 | Sewer    | Succumbed to a kobold brigand's poison

Illustrated notes

Levels and vault maps discovered:
D:1:      amcnicky_arrival_choice, layout_basic,
          shapermc_ecumenical_altar_pompeii, minmay_worlds_worst_comb
D:2:      layout_rooms
D:3:      layout_basic, ebering_ghost_gozag, hangedman_decor_peaks_small,
          uniq_jessica, uniq_crazy_yiuf_cottage
D:4:      layout_basic, portal_sewer_entry_e, grunt_decor_mini_mirrors,
          uniq_pikel
Sewer:    sewer_minmay_treatment

Skill      XL: |  1  2  3  4  5 |
---------------+----------------+-----
Fire Magic     | 4 5 |  5.2
Spellcasting   | 3 |  3.7
Conjurations   | 3 |  3.2
Fighting       | |  0.1
Dodging        | |  2.9
Stealth        | |  1.4

Action                   |  1- 3 |  4- 6 || total
-------------------------+-------+-------++-------
Melee: Unarmed           |     3 |       ||     3
       Staff             |       |     8 ||     8
 Cast: Foxfire           |    18 |     8 ||    26
       Scorch            |     2 |     3 ||     5
       Flame Wave        |       |     2 ||     2
  Use: Scroll            |     3 |       ||     3
       Potion            |       |     2 ||     2
Armor: Robe              |     2 |       ||     2
Dodge: Dodged            |     1 |     5 ||     6
